 Dungeon Crawl Stone Soup version 0.25-a0-647-gd602d06 (webtiles) character file.

Game seed: 507003366926666393, levelgen mode: deterministic

32 tatocazan the Bolt Thrower (level 3, 0/28 HPs)
             Began as a Formicid Hunter on Mar 21, 2020.
             Slain by an ooze (1 damage)
             ... on level 1 of the Dungeon.
             The game lasted 00:01:27 (789 turns).

tatocazan the Bolt Thrower (Formicid Hunter)         Turns: 789, Time: 00:01:28

Health: 0/28       AC:  4    Str: 17    XL:     3   Next: 45%
Magic:  3/3        EV: 12    Int: 10    God:
Gold:   52         SH:  0    Dex: 11    Spells: 2/2 levels left

rFire    . . .     SeeInvis +   a - +1 hand crossbow
rCold    . . .     Gourm    .   (no shield)
rNeg     . . .     Faith    .   c - +0 leather armour
rPois    .         Spirit   .   (helmet unavailable)
rElec    .         Reflect  .   e - +0 cloak
rCorr    .         Harm     .   (no gloves)
MR       .....                  (no boots)
Stlth    +.........             (no amulet)
HPRegen  0.09/turn              (no ring)
MPRegen  0.08/turn              (no ring)

@: no status effects
A: permanent stasis, dig shafts and tunnels, four strong arms, antennae 3
a: Dig, Shaft Self


You were on level 1 of the Dungeon.
You were not hungry.

You visited 1 branch of the dungeon, and saw 1 of its levels.

You collected 52 gold pieces.

Inventory:

Hand Weapons
 a - a +1 hand crossbow (weapon)
 b - a +0 short sword
Missiles
 d - 17 bolts (quivered)
Armour
 c - a +0 leather armour (worn)
 e - a +0 cloak (worn)
 g - a +0 chain mail
Scrolls
 j - a scroll of identify {unknown}
 k - a scroll of remove curse {unknown}
Potions
 i - 2 potions of berserk rage {unknown}
Comestibles
 f - 3 rations
 h - 12 chunks of flesh


   Skills:
 + Level 2.7 Fighting
 + Level 4.2 Crossbows
 + Level 1.3 Armour
 + Level 2.2 Dodging
 - Level 1.2 Stealth


You had 2 spell levels left.
You didn't know any spells.
Your spell library was empty.

Dungeon Overview and Level Annotations

Branches:
Dungeon (1/15)

Altars:
The Shining One


Innate Abilities, Weirdness & Mutations

You cannot be hasted, slowed, berserked, paralysed or teleported.
You can dig through walls and to a lower floor.
Your four strong arms can wield two-handed weapons with a shield.
You have a pair of large antennae on your head. (SInv)


Message History

* * * LOW HITPOINT WARNING * * *
The bat completely misses you.
You take 2 damage, and have 4/28 hp.
Firing (i - inventory)
d - 19 bolts (quivered)
Press: ? - help, Shift-Dir - straight line, f/p - ooze
Aim: an ooze (heavily wounded)
You shoot a bolt. The bolt hits the ooze.
The ooze is almost dead.
The bat closely misses you. The bat misses you. The ooze closely misses you.
Firing (i - inventory)
d - 18 bolts (quivered)
Press: ? - help, Shift-Dir - straight line, f/p - ooze
Aim: an ooze (almost dead)
You shoot a bolt.
The bolt hits the ooze but does no damage.
The ooze is almost dead.
The bat hits you but does no damage. The bat barely misses you.
The ooze hits you.
* * * LOW HITPOINT WARNING * * *
The bat completely misses you. The ooze hits you.
You die...

###.#.#÷.......####.###
#.....÷.......'.......
#....#........####....
#..............# #....
#####....##........# #....
#####........##........#
#....
#............####+####.#
#....
#.###........#JK..#....#
#.#..
#####....@bK..)....###.#.#
###'#######..........#
#♣...♣# #...####.#.#
#.....# #...# #♣...♣#
#...# #.....#####...##
###_####.......###
######.........# {
####....#....#.#


You could see an ooze, a bat and 2 kobolds.

Vanquished Creatures
  3 dart slugs (D:1)
  3 giant cockroaches (D:1)
  2 hobgoblins (D:1)
  3 jackals (D:1)
  5 bats (D:1)
  2 frilled lizards (D:1)
  4 goblins (D:1)
  2 kobolds (D:1)
  2 rats (D:1)
26 creatures vanquished.

Notes
Turn   | Place    | Note
-------+----------+-------------------------------------------
     0 | D:1      | tatocazan the Formicid Hunter began the quest for the Orb.
     0 | D:1      | Reached XP level 1. HP: 16/16 MP: 1/1
    80 | D:1      | Reached XP level 2. HP: 12/23 MP: 2/2
   633 | D:1      | Reached skill level 1 in Armour
   655 | D:1      | Reached XP level 3. HP: 26/28 MP: 3/3
   710 | D:1      | Found a glowing golden altar of the Shining One.
   789 | D:1      | HP: 1/28 [ooze (3)]
   789 | D:1      | Slain by an ooze

Levels and vault maps discovered:
D:1:      heliophobic_arrival_battle_scene, layout_basic, tso_altar

Skill      XL: |  1  2 |
---------------+-------+-----
Dodging        | 2 |  2.2
Armour         | 1 |  1.3
Fighting       | |  2.7
Crossbows      | |  4.2
Stealth        | |  1.2

Action                   || total
-------------------------++-------
Melee: Short sword       ||    82
 Fire: Hand crossbow     ||     4
 Stab: Sleeping          ||     1
Armor: Leather armour    ||    38
Dodge: Dodged            ||   104

Table legend:
 A = Non-vault XP
 B = Vault XP
 C = Vault XP percentage of total XP
 D = Non-vault monster count
 E = Vault monster count
 F = Vault count percentage of total count
                 A         B        C        D         E       F
            +---------+---------+-------+---------+---------+-------
      Total |      47 |       0 |   0.0 |      26 |       0 |   0.0
            +---------+---------+-------+---------+---------+-------
        D:1 |      47 |       0 |   0.0 |      26 |       0 |   0.0
            +---------+---------+-------+---------+---------+-------
